 Dungeon Crawl Stone Soup version 0.30.0-29-ga12c61a403 (webtiles) character file.

Game seed: 726637886279571739

104589 cheesebisquit the Brawler (level 15, -4/154 HPs)
             Began as a Troll Fighter on June 3, 2023.
             Killed from afar by an acid blob (13 damage)
             ... with a splash of acid
             ... on level 1 of the Pits of Slime.
             The game lasted 01:47:55 (28336 turns).

cheesebisquit the Brawler (Troll Fighter)          Turns: 28336, Time: 01:47:55

Health: -4/154     AC: 20    Str: 37    XL:     15   Next: 92%
Magic:  14/14      EV: 11    Int:  8    God:
Gold:   973        SH:  0    Dex:  9    Spells: 14/14 levels left

rFire   . .          .
                       - Unarmed
rCold   . . .        b - +2 kite shield
rNeg    + + +        w - +4 troll leather armour "Daol" {Harm Regen+ Str+2}
rPois   .            o - +2 hat
rElec   +            K - +2 cloak
rCorr   +            (gloves unavailable)
SInv    +            (boots unavailable)
Will    +....        h - amulet of Qele {Reflect rElec SH+5}
Stlth   +            N - ring of Joadusi {*Slow rN++ rCorr Str+2 SInv}
HPRegen 2.05/turn    r - ring "Zievos" {rElec rN+ AC+4 Str+3 Slay-4}
MPRegen 0.14/turn

%: slow self (1%), harm (+30% outgoing, +20% incoming), reflection
@: confused, hasted, invisible, very quick
A: large, unfitting armour, claws 3, regeneration 1, shaggy fur 1, tough skin 1
a: no special abilities


You were on level 1 of the Pits of Slime.
You visited 5 branches of the dungeon, and saw 24 of its levels.
You also visited: Sewer, Bailey and Volcano.

You collected 2511 gold pieces.
You spent 1538 gold pieces at shops.

Inventory:

Hand Weapons
 l - a +0 morningstar
 G - a +3 giant spiked club of venom
Missiles
 g - 25 poisoned darts
 t - 23 curare-tipped darts
 v - 6 silver javelins
 R - 4 javelins
 S - 6 atropa-tipped darts
 V - 15 large rocks (quivered)
 W - 9 boomerangs
Armour
 b - a +2 kite shield (worn)
 o - a +2 hat (worn)
 w - the +4 troll leather armour "Daol" (worn) {Harm Regen+ Str+2}
   (You acquired it on level 11 of the Dungeon)

   Str:       It affects your strength (+2).
   Regen:     It increases your rate of health regeneration.
   Harm:      It increases damage dealt and taken.
 J - +1 shadow dragon scales
 K - a +2 cloak (worn)
 U - a +1 robe of fire resistance
 X - a +2 robe of cold resistance
Jewellery
 h - the amulet of Qele (around neck) {Reflect rElec SH+5}
   (You acquired it on level 11 of the Dungeon)

   [amulet of reflection]

   It reflects blocked missile attacks.
   rElec:     It insulates you from electricity.
   SH:        It affects your SH (+5).
 r - the ring "Zievos" (right claw) {rElec rN+ AC+4 Str+3 Slay-4}
   (You acquired it on level 11 of the Dungeon)

   [ring of protection]

   AC:        It affects your AC (+4).
   Str:       It affects your strength (+3).
   Slay:      It affects your accuracy & damage with ranged weapons and melee
   (-4).
   rElec:     It insulates you from electricity.
   rN:        It protects you from negative energy.
 x - a ring of flight
 N - the ring of Joadusi (left claw) {*Slow rN++ rCorr Str+2 SInv}
   (You bought it in a shop on level 2 of the Orcish Mines)

   [ring of resist corrosion]

   Str:       It affects your strength (+2).
   rN:        It greatly protects you from negative energy.
   SInv:      It lets you see invisible.
   rCorr:     It protects you from acid and corrosion.
   *Slow:     It may slow you when you take damage.
 Z - a +6 ring of strength
Wands
 a - a wand of roots (7)
 y - a wand of charming (22)
 C - a wand of flame (13)
 L - a wand of acid (28)
 P - a wand of mindburst (9)
Scrolls
 d - 14 scrolls of teleportation
 f - 4 scrolls of fog
 j - 4 scrolls of fear
 n - a scroll of magic mapping
 p - 5 scrolls of blinking
 s - a scroll of silence
 u - 2 scrolls of immolation
 I - 2 scrolls of butterflies
 O - 2 scrolls of vulnerability
 Q - 4 scrolls of poison
Potions
 c - 2 potions of might
 e - 2 potions of resistance
 k - 6 potions of ambrosia
 m - 4 potions of degeneration
 z - 5 potions of flight
 A - 2 potions of cancellation
 B - 5 potions of haste
 D - 4 potions of mutation
 E - 3 potions of magic
 F - a potion of invisibility
 H - 6 potions of lignification
 M - a potion of brilliance
 Y - a potion of berserk rage
Miscellaneous
 i - a lightning rod (4/4)


   Skills:
 + Level 11.6 Fighting
 + Level 13.7 Throwing
 + Level 6.3 Armour
 + Level 9.0 Dodging
 - Level 2.0 Stealth
 + Level 8.2 Shields
 + Level 15.1 Unarmed Combat


You had 14 spell levels left.
You didn't know any spells.
Your spell library contained the following spells:

 Spells                   Type           Power      Damage    Failure   Level
 Shock                    Conj/Air       0%         1d3       58%         1
 Sting                    Tmut/Pois      0%         1d3       58%         1
 Ensorcelled Hibernation  Hex/Ice        0%         N/A       73%         2
 Passwall                 Tmut/Erth      0%         N/A       73%         2
 Poisonous Vapours        Pois/Air       0%         N/A       73%         2
 Gell's Gravitas          Tloc           0%         N/A       91%         3
 Swiftness                Air            0%         N/A       91%         3
 Teleport Other           Tloc           0%         N/A       91%         3
 Airstrike                Air            0%         2d(0-16)  100%        4
 Animate Dead             Necr           0%         N/A       100%        4
 Leda's Liquefaction      Hex/Erth       0%         N/A       100%        4
 Olgreb's Toxic Radiance  Pois           0%         N/A       100%        4
 Passage of Golubria      Tloc           0%         N/A       100%        4
 Summon Lightning Spire   Summ/Air       0%         N/A       100%        4
 Blade Hands              Tmut           0%         N/A       100%        5
 Borgnjor's Vile Clutch   Necr/Erth      0%         N/A       100%        5
 Irradiate                Conj/Tmut      0%         3d11      100%        5
 Lee's Rapid Deconstruct  Erth           0%         3d4*      100%        5
 Silence                  Hex/Air        0%         N/A       100%        5
 Death Channel            Necr           0%         N/A       100%        6
 Dispersal                Tloc           0%         N/A       100%        6
 Statue Form              Tmut/Erth      0%         N/A       100%        6
 Dragon Form              Tmut           0%         N/A       100%        7
 Storm Form               Tmut/Air       0%         N/A       100%        7
 Lehudib's Crystal Spear  Conj/Erth      0%         10d2      100%        8
 Maxwell's Capacitive Co  Air            0%         ∞         100%        8


Dungeon Overview and Level Annotations

Branches:
Dungeon (15/15)            Temple (1/1) D:4            Lair (5/5) D:11
 Shoals (0/4) Lair:3        Snake (0/4) Lair:3        Slime (1/5) Lair:5
    Orc (2/2) D:12            Elf (0/3) Orc:2        Vaults (0/5) D:13
 Depths (0/4) D:15          Sewer (visited)          Bailey (visited)
Volcano (visited)

Altars:
Ashenzari
Cheibriados
Dithmenos
Elyvilon
Fedhas
Gozag
Hepliaklqana
Kikubaaqudgha
Makhleb
Nemelex Xobeh
Okawaru
Qazlal
Ru
Sif Muna
Trog
Uskayaw
Vehumet
Wu Jian
Xom
Yredelemnul
Zin
The Shining One

Shops:
D:5 (   D:11 *   D:15 *   Orc:2 =[:*

Annotations:
Orc:1 2 runed translucent doors, burt's ghost, journeyman DrCj


Innate Abilities, Weirdness & Mutations

You are too large for most types of armour.
You have claws for hands.
Your natural rate of healing is unusually fast.
You are covered in fur. (AC +1)
You have tough skin. (AC +1)


Message History

You easily resist.
You are more confused.
You feel invigorated.
The golden eye blinks!
The golden eye blinks at you.
You are more confused.
The acid blob hits you but does no damage.
The golden eye blinks at you.
You are more confused.
The acid blob hits you!!
* * * LOW HITPOINT WARNING * * *
You are splashed with acid.
You resist.
* * * LOW HITPOINT WARNING * * *
You feel better.
You feel less invigorated. The golden eye blinks at you.
You are confused.
The golden eye blinks at you. You resist with almost no effort.
The golden eye blinks at you.
You are more confused.
The golden eye blinks!
The acid blob spits acid at you. The splash of acid hits you. You resist.
* * * LOW HITPOINT WARNING * * *
You feel yourself speed up. The golden eye blinks at you.
You resist with almost no effort. The golden eye blinks at you.
You are more confused.
The golden eye blinks at you. You resist with almost no effort.
The acid blob hits you!!
* * * LOW HITPOINT WARNING * * *
You are splashed with acid.
You resist.
* * * LOW HITPOINT WARNING * * *
Okay, then.
You fade into invisibility!
The golden eye blinks at you. You resist with almost no effort.
The golden eye blinks!
The acid blob spits acid at you. The splash of acid hits you! You resist.
You die...

###..#.#.#.#.#.#.........#
##..............#.^...##
#####...##............#
#.............^....#
#...................#
##.................##
##....#.#......#.(.#
##.......G§....#.##
##..#..G@J.....#.#
#..G..G.......G..#
##...§........#.##
##.....(.(......#
#.....(........#
...............##
.......>.......##
.............###


You could see an acid blob and 5 golden eyes.

Vanquished Creatures
  Jorgrun (D:14)
  2 acid blobs (Slime:1)
  Gastronok (D:12)
  2 azure jellies (Slime:1)
  The ghost of Jingleheimer the Marksdemigod, a journeyman DgHu (D:14)
  Nessos (D:14)
  Snorg (Lair:4)
  An ettin (D:15)
  Fannar (D:11)
  7 hydras
  2 ogre magi
  2 vault guards (D:13)
  3 centaur warriors
  11 two-headed ogres
  5 boulder beetles
  A tengu warrior (D:15)
  An anaconda (shapeshifter) (D:15)
  A hell knight (Volcano)
  Sonja (D:10)
  2 skysharks (Lair:5)
  3 skeletal warriors (D:15)
  Lodul (D:14)
  4 wizards
  2 deep trolls (D:15)
  8 orc knights
  2 orc sorcerers
  A necromancer (D:13)
  2 manticores
  3 cyclopes
  11 ugly things
  A wolf spider (Lair:3)
  A guardian serpent (shapeshifter) (D:14)
  5 black mambas
  24 cane toads
  Joseph (D:8)
  A torpor snail (Lair:4)
  A gargoyle (D:13)
  An unseen horror (D:12)
  6 komodo dragons
  3 rime drakes
  An efreet (D:15)
  A kobold demonologist (D:9)
  A queen bee (D:11)
  A polar bear (Lair:4)
  3 meliai
  5 trolls
  29 blink frogs
  4 dream sheep (Lair:5)
  21 slime creatures
  61 yaks
  3 shadows
  A water elemental (D:11)
  8 wraiths
  3 vampires (D:15)
  2 wyverns
  3 basilisks
  22 humans
  18 vampire mosquitoes
  A steam dragon (D:7)
  3 nagas (Lair:3)
  7 wargs
  15 water moccasins
  3 black bears
  2 ice beasts
  35 orc warriors
  2 sky beasts
  14 ogres
  3 wolves (Lair:2)
  23 centaurs
  6 kobold brigands
  2 gnoll sergeants
  21 bullfrogs
  2 scorpions
  8 wights
  31 killer bees
  A vampire bat (Orc:2)
  9 electric eels
  2 howler monkeys
  5 jellies
  5 hounds
  Crazy Yiuf (D:2)
  13 orc priests
  4 iguanas
  A sleepcap (D:5)
  15 orc wizards
  4 hell rats
  9 gnolls
  19 adders
  3 river rats (Sewer)
  A white imp (D:4)
  2 worms
  4 dart slugs
  84 orcs
  18 bats
  8 endoplasms
  5 giant cockroaches
  9 hobgoblins
  8 jackals
  36 kobolds
  9 quokkas
  12 ball pythons
  3 frilled lizards
  3 goblins
  34 rats
820 creatures vanquished.

Vanquished Creatures (others)
  An orc wizard (D:11)
  2 orcs
3 creatures vanquished.

Grand Total: 823 creatures vanquished

Notes
Turn   | Place    | Note
-------+----------+-------------------------------------------
     0 | D:1      | cheesebisquit the Troll Fighter began the quest for the
                  | Orb.
     0 | D:1      | Reached XP level 1. HP: 22/22 MP: 0/0
    35 | D:1      | Reached XP level 2. HP: 29/29 MP: 1/1
   186 | D:1      | Reached XP level 3. HP: 36/36 MP: 2/2
   271 | D:1      | Reached skill level 1 in Throwing
   956 | D:2      | Found a runed translucent door.
   957 | D:2      | Noticed Crazy Yiuf
   986 | D:3      | Reached skill level 3 in Unarmed Combat
  1030 | D:3      | Reached XP level 4. HP: 44/44 MP: 3/3
  1243 | D:3      | Reached XP level 5. HP: 37/50 MP: 2/4
  1629 | D:4      | Found a bloodstained altar of Trog.
  1885 | D:4      | Found a glowing drain.
  1922 | Sewer    | Entered a sewer
  2458 | Sewer    | Reached skill level 4 in Unarmed Combat
  2489 | Sewer    | Reached XP level 6. HP: 59/59 MP: 5/5
  3819 | D:4      | Found a staircase to the Ecumenical Temple.
  3832 | Temple   | Entered the Ecumenical Temple
  4235 | D:5      | Entered Level 5 of the Dungeon
  4336 | D:5      | Found a glowing silver altar of Zin.
  4385 | D:5      | Reached XP level 7. HP: 64/66 MP: 4/6
  4462 | D:5      | Reached skill level 5 in Shields
  4720 | D:5      | Found a large runed translucent door.
  4720 | D:5      | Found a large runed translucent door.
  4739 | D:5      | Noticed a two-headed ogre
  4741 | D:5      | Reached skill level 5 in Unarmed Combat
  4751 | D:5      | Killed a two-headed ogre
  4752 | D:5      | Reached skill level 6 in Unarmed Combat
  4752 | D:5      | Reached XP level 8. HP: 48/74 MP: 3/7
  4754 | D:5      | Reached skill level 5 in Throwing
  4880 | D:5      | Found a large runed translucent door.
  4880 | D:5      | Found a large runed translucent door.
  5267 | D:5      | Found Fitawun's Weapon Emporium.
  5274 | D:5      | Bought 6 curare-tipped darts for 93 gold pieces
  5425 | D:5      | Reached skill level 7 in Unarmed Combat
  5428 | D:5      | Found a hazy altar of Hepliaklqana.
  5799 | D:6      | Reached XP level 9. HP: 74/80 MP: 6/8
  6217 | D:6      | Found a shimmering altar of Xom.
  6403 | D:7      | Found a flagged portal.
  6411 | Bailey   | Entered a bailey
  6756 | Bailey   | Noticed an orc knight
  6770 | Bailey   | Killed an orc knight
  6771 | Bailey   | Reached skill level 8 in Unarmed Combat
  6855 | Bailey   | Identified the +2 pair of gloves "Edwic" {Harm +Inv Str+3}
  7050 | D:7      | Reached skill level 1 in Armour
  7053 | D:7      | Reached XP level 10. HP: 94/94 MP: 9/9
  7518 | D:7      | Found a basalt altar of Yredelemnul.
  8257 | D:8      | Noticed Joseph
  8274 | D:8      | Killed Joseph
  8275 | D:8      | Reached skill level 1 in Stealth
  8275 | D:8      | Reached skill level 9 in Unarmed Combat
  8580 | D:8      | Found an iron altar of Okawaru.
  8962 | D:9      | Reached skill level 5 in Fighting
  9091 | D:9      | Noticed a rust devil
  9117 | D:9      | Identified the +1 dagger "Newedepa" {heavy, rN+}
  9573 | D:10     | Entered Level 10 of the Dungeon
  9754 | D:10     | Reached XP level 11. HP: 94/104 MP: 10/10
  9997 | D:10     | Noticed Sonja
 10006 | D:10     | Killed Sonja
 10921 | D:11     | Noticed a purple ugly thing
 10930 | D:11     | Noticed Fannar
 10935 | D:11     | Killed a purple ugly thing
 10936 | D:11     | Reached skill level 10 in Unarmed Combat
 10973 | D:11     | Found a staircase to the Lair.
 11034 | D:11     | Killed Fannar
 11212 | D:11     | Found a transporter.
 11261 | D:11     | Identified the +1 leather armour of Winter {rC+ Will+
                  | Regen+}
 11677 | D:11     | Reached skill level 5 in Armour
 11945 | D:11     | Found Weihij's Assorted Antiques.
 12303 | D:11     | Found a transporter.
 12332 | D:11     | Bought a scroll labelled YDGHUR URHOU for 31 gold pieces
 12332 | D:11     | Bought a scroll of teleportation for 93 gold pieces
 12332 | D:11     | Bought a scroll of teleportation for 93 gold pieces
 12332 | D:11     | Bought a scroll labelled GETUGR CURUF for 31 gold pieces
 12332 | D:11     | Bought a potion of curing for 93 gold pieces
 12339 | D:11     | Identified 3 scrolls of acquirement
 12339 | D:11     | Acquired the amulet of Qele {Reflect rElec SH+5}
 12355 | D:11     | Acquired the ring "Zievos" {rElec rN+ AC+4 Str+3 Slay-4}
 12359 | D:11     | Acquired the +4 troll leather armour "Daol" {Harm Regen+
                  | Str+2}
 12503 | D:12     | Noticed a two-headed ogre
 12514 | D:12     | Killed a two-headed ogre
 12773 | D:12     | Noticed Gastronok
 12813 | D:12     | Killed Gastronok
 12814 | D:12     | Reached skill level 11 in Unarmed Combat
 12814 | D:12     | Reached XP level 12. HP: 114/118 MP: 11/11
 12906 | D:12     | Reached skill level 10 in Throwing
 13037 | D:12     | Found a staircase to the Orcish Mines.
 13038 | D:12     | Noticed a boulder beetle
 13065 | D:12     | Killed a boulder beetle
 13214 | Lair:1   | Entered Level 1 of the Lair of Beasts
 15325 | Lair:2   | Reached skill level 12 in Unarmed Combat
 15712 | Lair:2   | Identified the +2 helmet of the Sky {rC- Str+4}
 16210 | Lair:2   | Reached XP level 13. HP: 128/128 MP: 12/12
 16738 | Lair:3   | Found a staircase to the Snake Pit.
 18049 | Lair:3   | Found a staircase to the Shoals.
 18625 | Lair:4   | Reached skill level 5 in Dodging
 18756 | Lair:4   | Found a dark tunnel.
 18760 | Volcano  | Entered a volcano
 18787 | Volcano  | Found a bloodstained altar of Trog.
 18826 | Volcano  | Reached skill level 13 in Unarmed Combat
 19292 | Lair:4   | Noticed Snorg
 19317 | Lair:4   | Killed Snorg
 20169 | Lair:5   | Entered Level 5 of the Lair of Beasts
 20249 | Lair:4   | Reached XP level 14. HP: 136/141 MP: 13/13
 20414 | Lair:5   | Reached skill level 10 in Fighting
 21229 | Lair:5   | Found an ancient bone altar of Kikubaaqudgha.
 21397 | Lair:5   | Found a staircase to the Slime Pits.
 22014 | D:2      | Killed Crazy Yiuf
 22143 | D:5      | Reached skill level 14 in Unarmed Combat
 22323 | Orc:1    | Entered Level 1 of the Orcish Mines
 22438 | Orc:2    | Entered Level 2 of the Orcish Mines
 23003 | Orc:2    | Found a staircase to the Elven Halls.
 23390 | Orc:2    | Found Vomuyhor's Armour Boutique.
 23390 | Orc:2    | Found Onumick's Book Emporium.
 23392 | Orc:2    | Found Neih's General Store.
 23394 | Orc:2    | Found Waiph's Jewellery Shop.
 23401 | Orc:2    | Bought a scroll of blinking for 127 gold pieces
 23401 | Orc:2    | Bought 6 curare-tipped darts for 122 gold pieces
 23401 | Orc:2    | Bought a potion of haste for 170 gold pieces
 23406 | Orc:2    | Bought the ring of Joadusi {*Slow rN++ rCorr Str+2 SInv}
                  | for 685 gold pieces
 23997 | Orc:1    | Found a large runed translucent door.
 23998 | Orc:1    | Found a large runed translucent door.
 24023 | Orc:1    | Noticed burt's ghost (journeyman DrCj)
 25091 | D:13     | Reached XP level 15. HP: 138/153 MP: 14/14
 25461 | D:13     | Found a gate to the Vaults.
 25979 | D:14     | Noticed Lodul
 26011 | D:14     | Killed Lodul
 26504 | D:14     | Noticed Nessos
 26512 | D:14     | Killed Nessos
 26587 | D:14     | Found a runed translucent gate.
 26609 | D:14     | Found a runed translucent gate.
 26610 | D:14     | Found a runed translucent gate.
 26621 | D:14     | Noticed Jorgrun
 26632 | D:14     | Killed Jorgrun
 26818 | D:14     | Noticed Jingleheimer's ghost (journeyman DgHu)
 26891 | D:14     | Killed Jingleheimer's ghost
 26988 | D:15     | Entered Level 15 of the Dungeon
 27076 | D:15     | Found Vejaciss's Blood Bar.
 27265 | D:15     | Found a staircase to the Depths.
 27504 | D:15     | Reached skill level 15 in Unarmed Combat
 28046 | Slime:1  | Entered Level 1 of the Pits of Slime
 28046 | Slime:1  | Noticed an azure jelly
 28056 | Slime:1  | Killed an azure jelly
 28059 | Slime:1  | Noticed an acid blob
 28059 | Slime:1  | Noticed an azure jelly
 28065 | Slime:1  | Killed an azure jelly
 28068 | Slime:1  | Killed an acid blob
 28074 | Slime:1  | Noticed an acid blob
 28083 | Slime:1  | Killed an acid blob
 28312 | Slime:1  | Noticed an acid blob
 28336 | Slime:1  | Killed from afar by an acid blob

Illustrated notes

Levels and vault maps discovered:
D:1:      tarquinn_simple_flora_water_e, layout_rooms, minmay_pentomino_t2
D:2:      layout_rooms, mrwooster_statue_mirror, uniq_crazy_yiuf_cottage
D:3:      layout_rooms, saegor_snake_ambush
D:4:      layout_rooms, overflow_temple_1_default, temple_statues,
          portal_sewer_entry_f
D:5:      layout_loops_ring, nicolae_hepliaklqana_hippocampus, zin_scriptorium,
          serial_shops, kennysheep_little_box, minmay_hollow_rounded_squares
D:6:      layout_basic, mainiacjoe_overflow_boulevard
D:7:      layout_layer_cave, lemuel_tele_altar, enter_bailey_2
D:8:      layout_loops_ring, okawaru_humans, uniq_joseph
D:9:      layout_rooms
D:10:     layout_layer_cave, uniq_sonja
D:11:     layout_rooms, erik_lair_orcish_takeover, serial_shops,
          nicolae_shop_drivethru, serial_bayou, serial_bayou_crossing,
          serial_bayou_lake_a, serial_bayou_pond_c, serial_bayou_lagoon_b,
          minivault_7, uniq_fannar
D:12:     layout_roguey, orc_0_dummy, serial_glass, glass_columns_a,
          glass_columns_b, due_unseen_surprise, feat_on_display,
          feat_on_display, minmay_strange_pillars, uniq_gastronok
D:13:     nicolae_BIG_FREAKIN_CUBE, layout_grid_maze, grunt_vaults_entry_tiered
D:14:     layout_irregular_city, kennysheep_doodads, ebering_ghost_rock_garden,
          uniq_nessos, uniq_jorgrun, uniq_lodul
D:15:     hangedman_depths_entry_civil_slaughter, layout_gridville,
          minmay_misc_feat_square, minmay_statues_item,
          hangedman_decor_peaks_small, drop_trap, guppyfry_shop_blood
Temple:   eino_temple_rhombus
Lair:1:   layout_cave_pods, serial_forest, infiniplex_forest_straight_2,
          infiniplex_forest_end_3, infiniplex_forest_straight_2,
          infiniplex_forest_straight_3, infiniplex_forest_clump_long,
          infiniplex_forest_lined_3_way, chequers_serial_rivers_large_a,
          small_statue_intersection, guppyfry_lair_drakes, serial_bayou_shore_b
Lair:2:   layout_concentric_octagons
Lair:3:   nzn_winding_woodlands_cross
          [nzn_winding_woodlands_5x15_pathside_ponds,
          nzn_winding_woodlands_5x15_eye, nzn_winding_woodlands_5x15_sawtooth,
          nzn_winding_woodlands_5x15_longhouse,
          nzn_winding_woodlands_15x15_boxy_spiral], layout_chaotic_city,
          elwin_shoals_entry_rooms, minmay_snake_entry_guardpost_small,
          nzn_sisyphean_effort
Lair:4:   layout_cave_pods, nicolae_volcano_entry_lava_flow, uniq_snorg
Lair:5:   minmay_lair_end_frog_pond, layout_loops_ring,
          nicolae_slime_entry_slimehenge, basic_altar,
          infiniplex_staircase_pool_2
Slime:1:  layout_caves, cheibrodos_slime_lost_civilization_6
Orc:1:    layout_caves, ebering_ghost_disaster_area, basic_altar
Orc:2:    st_orc_rangers, layout_caves, hellmonk_bongcloud_opening,
          roderic_batcave

Skill      XL: |  1  2  3  4  5  6  7  8  9 10 11 12 13 14 15 |
---------------+----------------------------------------------+-----
Shields        | 3 4 5 6 7 8 |  8.2
Throwing       | 1 2 3 4 6 7 8 9 11 12 13 | 13.7
Unarmed Combat | 3 4 6 7 8 9 11 12 13 14 15 | 15.1
Fighting       | 4 5 7 8 9 11 | 11.6
Armour         | 1 3 5 6 |  6.3
Stealth        | 2 |  2.0
Dodging        | 4 6 8 9 |  9.0

Action                     |  1- 3 |  4- 6 |  7- 9 | 10-12 | 13-15 || total
---------------------------+-------+-------+-------+-------+-------++-------
  Melee: Unarmed           |   135 |   301 |   255 |   657 |  1081 ||  2429
  Throw: Dart              |       |     6 |    22 |   156 |   275 ||   459
         Boomerang         |       |       |    45 |   110 |    77 ||   232
         Javelin           |       |       |       |     2 |       ||     2
         Large rock        |       |       |       |       |    39 ||    39
    Use: Scroll            |       |    10 |     2 |    15 |    15 ||    42
         Potion            |       |       |     3 |     7 |    24 ||    34
   Stab: Sleeping          |     1 |       |       |     1 |     2 ||     4
         Invisible         |       |       |       |       |     1 ||     1
 Armour: Robe              |    36 |    66 |    30 |       |     3 ||   135
         Shadow dragon sca |       |       |     6 |   194 |       ||   200
         Troll leather arm |       |       |       |    38 |   404 ||   442
  Dodge: Dodged            |    44 |    80 |    54 |   105 |   347 ||   630
  Block: Kite shield       |    51 |   110 |   112 |   364 |   915 ||  1552
         Reflection        |       |       |       |       |   130 ||   130
